 Dungeon Crawl Stone Soup version 0.28.0 (webtiles) character file.

Game seed: 439986271763742320

177044 PieDemon the Imperceptible (level 18, -14/116 HPs)
             Began as a Kobold Brigand on Feb 18, 2022.
             Was a High Priest of Wu Jian.
             Demolished by a rockslime (26 damage)
             ... on level 5 of the Pits of Slime.
             The game lasted 03:17:44 (30385 turns).

PieDemon the Imperceptible (Kobold Brigand)        Turns: 30385, Time: 03:17:44

Health: -14/116    AC: 20    Str:  9    XL:     18   Next: 12%
Magic:  0/29       EV: 28    Int: 14    God:    Wu Jian [*****.]
Gold:   1189       SH:  7    Dex: 22    Spells: 26/31 levels left

rFire   + + +      SeeInvis .   a - +1 dagger (elec)
rCold   + + .      Faith    .   x - +0 buckler
rNeg    . . .      Spirit   +   E - +2 robe {rC+ rF+}
rPois   +          Reflect  .   u - +2 helmet
rElec   +          Harm     .   Y - +2 cloak {rF+}
rCorr   +          Rampage  .   A - +2 pair of gloves
Will    +....                   W - +2 pair of boots
Stlth   ++++++++++              r - amulet of guardian spirit
HPRegen 0.29/turn               i - +4 ring of protection
MPRegen 0.21/turn               Q - ring of poison resistance

@: exhausted, about to teleport, resistant, on blink cooldown, hasted, studying
2 skills, very quick
A: small, no large weapons, nightstalker 3
}: 2/15 runes: serpentine, barnacled
a: Renounce Religion, Wall Jump, Serpent's Lash, Heavenly Storm


You were on level 5 of the Pits of Slime.
You worshipped Wu Jian.
Wu Jian was extremely pleased with you.
You visited 8 branches of the dungeon, and saw 37 of its levels.
You also visited: Ice Cave and Volcano.

You collected 1993 gold pieces.
You spent 804 gold pieces at shops.

Inventory:

Hand Weapons
 a - a +1 dagger of electrocution (weapon)
 b - a +7 quick blade
Missiles
 v - 2 throwing nets
 y - 46 poisoned darts
 T - 3 atropa-tipped darts
Armour
 u - a +2 helmet (worn)
 x - a +0 buckler (worn)
 A - a +2 pair of gloves (worn)
 E - a +2 robe of resistance (worn)
 W - a +2 pair of boots (worn)
 Y - a +2 cloak of fire resistance (worn)
Jewellery
 c - a ring of protection from cold
 i - a +4 ring of protection (left hand)
 r - an amulet of guardian spirit (around neck)
 P - a ring of willpower
 Q - a ring of poison resistance (right hand)
Wands
 s - a wand of flame (52)
 B - a wand of digging (24)
 I - a wand of iceblast (13)
Scrolls
 d - 4 scrolls of holy word
 m - 5 scrolls of fog
 p - 4 scrolls of teleportation
 w - a scroll of fear
 F - 7 scrolls of magic mapping
 H - 4 scrolls of immolation
 L - 2 scrolls of torment
Potions
 f - 5 potions of flight
 g - a potion of ambrosia
 h - a potion of berserk rage
 l - 4 potions of cancellation
 n - 4 potions of curing
 z - 2 potions of invisibility
 D - 6 potions of lignification
 G - 4 potions of mutation
 K - 7 potions of brilliance
 M - 5 potions of attraction
 X - 3 potions of magic
Miscellaneous
 j - a condenser vane (inert)
 k - a box of beasts


   Skills:
 - Level 14.1 Fighting
 - Level 10.0 Short Blades
 - Level 6.0 Throwing
 + Level 16.1 Dodging
 * Level 24.6 Stealth
 + Level 4.9 Shields
 + Level 7.4 Spellcasting
 - Level 2.0 Translocations
 - Level 15.0 Evocations


You had 26 spell levels left.
You knew the following spells:

 Your Spells              Type           Power      Damage    Failure   Level
a - Blink                 Tloc           20%        N/A       13%         2
b - Confusing Touch       Hex            5%         N/A       52%         3

Your spell library contained the following spells:

 Spells                   Type           Power      Damage    Failure   Level
 Pain                     Necr           20%        1d5       21%         1
 Slow                     Hex            20%        N/A       21%         1
 Sting                    Tmut/Pois      20%        1d4       21%         1
 Lesser Beckoning         Tloc           10%        N/A       26%         3
 Poisonous Vapours        Pois/Air       10%        N/A       30%         2
 Portal Projectile        Hex/Tloc       16%        N/A       36%         3
 Call Canine Familiar     Summ           5%         N/A       52%         3
 Vampiric Draining        Necr           5%         2d6       52%         3
 Hailstorm                Conj/Ice       5%         3d4       89%         4
 Ice Form                 Ice/Tmut       5%         N/A       89%         4
 Leda's Liquefaction      Hex/Erth       2%         N/A       89%         4
 Olgreb's Toxic Radiance  Pois           5%         N/A       89%         4
 Summon Ice Beast         Ice/Summ       5%         N/A       89%         4
 Manifold Assault         Tloc           10%        N/A       94%         5
 Agony                    Necr           5%         N/A       99%         5
 Excruciating Wounds      Necr           2%         N/A       99%         5
 Fireball                 Conj/Fire      2%         3d4       99%         5
 Summon Mana Viper        Hex/Summ       5%         N/A       99%         5
 Yara's Violent Unravell  Hex/Tmut       2%         3d3       99%         5
 Conjure Ball Lightning   Conj/Air       2%         3x3d6     100%        6
 Simulacrum               Ice/Necr       2%         N/A       100%        6
 Starburst                Conj/Fire      2%         6d3       100%        6
 Enfeeble                 Hex            2%         N/A       100%        7
 Monstrous Menagerie      Summ           2%         N/A       100%        7
 Discord                  Hex            2%         N/A       100%        8
 Disjunction              Tloc           5%         N/A       100%        8
 Ignition                 Fire           2%         3d3       100%        8


Dungeon Overview and Level Annotations

Branches:
Dungeon (14/15)            Temple (1/1) D:5            Lair (6/6) D:8
 Shoals (4/4) Lair:2        Snake (4/4) Lair:3        Slime (5/5) Lair:6
    Orc (2/2) D:10            Elf (1/3) Orc:2        Vaults (0/5) D:13
  IceCv (visited)         Volcano (visited)

Altars:
Ashenzari
Cheibriados
Elyvilon
Gozag
Hepliaklqana
Kikubaaqudgha
Makhleb
Qazlal
Ru
Uskayaw
Wu Jian
Yredelemnul
Zin
The Shining One
Jiyva

Shops:
Orc:2 *!!(!

Annotations:
D:4 exclusion: downstairs
D:9 3 runed translucent doors, GrayStillPlays's ghost, novice GnFi
D:10 exclusion: ice statue
D:11 exclusion: downstairs
D:12 exclusion: 2 downstairs
Lair:1 4 transporters, exclusion: 2 elephants
Lair:4 exclusions: downstairs and elephant
Lair:5 exclusion: downstairs
Shoals:1 exclusions: merfolk, merfolk siren and wind drake
Shoals:2 exclusions: merfolk and 3 water elementals
Shoals:4 exclusion: upstairs
Snake:1 exclusion: downstairs, Roxanne
Snake:2 exclusions: black mamba, mana viper, naga ritualist and 1 more exclusion
Snake:4 exclusions: goliath frog and upstairs
Orc:2 5 runed translucent doors, exclusion: obsidian statue, Pooter's ghost, journeyman MiBe


Innate Abilities, Weirdness & Mutations

You are small and have problems with some larger weapons.
You are completely attuned to the shadows.


Message History

Here: a rockslime (lightly wounded, inner flame) Item here: a wand of iceblast (7).
The floor, spattered with blood.
You feel much better.
The acid blob is engulfed in freezing vapours.
The great orb of eyes is engulfed in freezing vapours.
You kill the great orb of eyes!
The Council accepts your kill.
The quicksilver ooze is engulfed in freezing vapours.
The rockslime hits you but does no damage.
The rockslime misses you. The rockslime hits you!!!
* * * LOW HITPOINT WARNING * * *
You hold your ground!
The acid blob is engulfed in freezing vapours.
Flame seeps out of the acid blob.
Casting: Blink (safe; 13% risk of failure)
Confirm with . or Enter, or press ? or * to list all spells.
You don't have enough magic to cast this spell.
You feel much better.
The quicksilver ooze is engulfed in freezing vapours.
The acid blob is engulfed in freezing vapours.
Flame seeps out of the acid blob.
The rockslime hits you!!
* * * LOW HITPOINT WARNING * * *
You hold your ground!
You block the rockslime's attack.
The acid blob is engulfed in freezing vapours.
Flame seeps out of the acid blob.
The rockslime is engulfed in freezing vapours.
Flame seeps out of the rockslime.
Magic courses through your body.
The quicksilver ooze is engulfed in freezing vapours.
The rockslime hits you!!
* * * LOW HITPOINT WARNING * * *
You hold your ground!
The azure jelly is engulfed in freezing vapours.
Flame seeps out of the azure jelly.
The acid blob is engulfed in freezing vapours.
Flame seeps out of the acid blob.
The rockslime hits you but does no damage.
The rockslime hits you!!!
You die... ### ##@## ##JJJ# ## #JJJ##..# #JJJJJJ.J.$)

.... #?§§JJJ.J.J?
.....###[:.J..JG).
......####.JGGG.J..
.......#.......GGJJ.
..........#.......J..


You could see 5 acid blobs, an azure jelly (inner flame), 6 rockslimes and a
quicksilver ooze.

Vanquished Creatures
  the Royal Jelly (Slime:5)
  Vashnia (Snake:4)
  Mlioglotl (Snake:1)
  2 acid blobs (Slime:5)
  Kirke (Lair:4)
  Ilsuiw (Shoals:4)
  3 nagarajas (Snake:4)
  Aizul (Snake:1)
  A quicksilver ooze (Slime:5)
  5 merfolk impalers (Shoals:4)
  A merfolk javelineer (Shoals:4)
  A fire dragon (Volcano)
  Fannar (D:12)
  4 naga warriors
  7 hydras
  2 great orbs of eyes (Slime:5)
  A jorogumo (D:12)
  A boulder beetle (Lair:6)
  A salamander tyrant (Snake:3)
  2 two-headed ogres
  3 alligators (Snake:4)
  A dancing weapon (Orc:2)
  2 centaur warriors
  A tengu warrior (D:13)
  2 alligator snapping turtles (Snake:4)
  3 merfolk aquamancers
  6 anacondas
  3 death yaks (Lair:3)
  8 naga sharpshooters
  3 shock serpents
  Nergalle (Lair:3)
  2 salamander mystics (Snake:4)
  A fire crab (D:12)
  7 sea snakes
  5 naga ritualists
  A glowing orange brain (Slime:5)
  4 lindwurms (Volcano)
  6 ugly things
  2 deep elf zephyrmancers
  Pikel (D:8)
  5 harpies (Shoals:1)
  5 mana vipers
  5 deep elf pyromancers
  4 orc sorcerers
  6 salamanders
  2 fauns (Shoals:2)
  An oklob plant (D:11)
  2 orc knights (Orc:2)
  3 cyclopes
  5 elephants
  3 merfolk sirens
  5 manticores
  19 black mambas
  5 guardian serpents
  2 water nymphs (Shoals:1)
  A gargoyle (D:12)
  3 smoke demons (Volcano)
  6 naga magi
  16 cane toads
  A kobold demonologist (D:10)
  3 rime drakes
  9 komodo dragons
  A tengu conjurer (D:14)
  A polar bear (Lair:2)
  3 wind drakes
  4 trolls
  3 merfolk
  26 slime creatures
  2 snapping turtles
  12 blink frogs
  A jumping spider (D:13)
  A culicivora (shapeshifter) (D:13)
  3 water elementals
  2 shadows
  2 wraiths
  41 yaks
  4 hogs (Lair:4)
  2 fire bats
  2 vampires (D:9)
  6 wyverns
  17 humans
  4 basilisks
  5 steam dragons (Volcano)
  6 vampire mosquitoes
  8 wargs
  23 nagas
  An acid dragon (D:9)
  14 water moccasins
  Pargi (D:3)
  A swamp drake (D:9)
  A floating eye (D:11)
  3 sky beasts
  2 hell hounds (Volcano)
  A hornet zombie (D:5)
  31 orc warriors
  A necrophage (D:4)
  4 black bears
  6 wolves
  7 ogres
  14 centaurs
  2 lemures (D:8)
  3 phantoms
  2 kobold brigands
  A gnoll sergeant (D:11)
  6 bullfrogs
  3 water moccasin zombies
  5 scorpions
  4 killer bees
  7 wights (D:8)
  2 howler monkeys (D:10)
  A centaur zombie (D:7)
  A hound (D:5)
  14 orc priests
  8 jellies
  A bullfrog skeleton (D:5)
  Terence (D:3)
  Jessica (D:3)
  A centaur skeleton (D:7)
  Ijyb (D:4)
  7 iguanas
  12 orc wizards
  Natasha (twice) (D:4)
  A polar bear simulacrum (IceCv)
  A wolf simulacrum (IceCv)
  A killer bee zombie (D:5)
  3 howler monkey zombies
  Robin (D:3)
  5 adders
  7 gnolls
  2 ufetubi (D:6)
  2 adder skeletons
  A worm (D:2)
  A dart slug (D:5)
  46 orcs
  17 endoplasms
  3 giant cockroaches (D:3)
  12 goblins
  10 hobgoblins
  12 jackals
  6 quokkas
  6 ball pythons
  6 bats
  A frilled lizard (D:1)
  14 kobolds
  6 rats
726 creatures vanquished.

Vanquished Creatures (collateral kills)
  2 salamander tyrants (Snake:4)
  A naga warrior (Snake:4)
  A naga sharpshooter (Snake:1)
  A shock serpent (Snake:4)
  A salamander mystic (Snake:4)
  A naga ritualist (Snake:4)
  3 salamanders (Snake:4)
  4 guardian serpents (Snake:4)
  3 black mambas (Snake:4)
  3 water elementals (Shoals:1)
  6 nagas (Snake:4)
26 creatures vanquished.

Vanquished Creatures (others)
  A naga sharpshooter (Snake:3)
  An orc warrior (Orc:2)
  An orc (Orc:2)
  A quokka (D:4)
  25 fungi
  50 plants
79 creatures vanquished.

Grand Total: 831 creatures vanquished

Notes
Turn   | Place    | Note
-------+----------+-------------------------------------------
     0 | D:1      | PieDemon the Kobold Brigand began the quest for the Orb.
     0 | D:1      | Reached XP level 1. HP: 12/12 MP: 1/1
   133 | D:1      | Found a broken altar of Ashenzari.
   161 | D:1      | Reached XP level 2. HP: 13/17 MP: 2/2
   305 | D:1      | Reached skill level 6 in Stealth
   999 | D:1      | Reached XP level 3. HP: 21/21 MP: 3/3
  1211 | D:2      | Identified the +6 spear of Responsibility {flame, Str+2
                  | Dex+6 Stlth-}
  1557 | D:2      | Reached XP level 4. HP: 25/26 MP: 4/4
  1724 | D:3      | Noticed Pargi
  1728 | D:3      | Killed Pargi
  1729 | D:3      | Reached skill level 7 in Stealth
  1729 | D:3      | Reached XP level 5. HP: 30/30 MP: 5/5
  1770 | D:3      | Reached skill level 8 in Stealth
  1893 | D:3      | Identified the +0 helmet "Pohan" {rF+ Str+4}
  1893 | D:3      | Noticed Robin
  1896 | D:3      | Killed Robin
  1928 | D:3      | Reached XP level 6. HP: 31/35 MP: 6/6
  1982 | D:3      | Noticed a sky beast
  2006 | D:3      | Killed a sky beast
  2007 | D:3      | Reached skill level 5 in Short Blades
  2222 | D:3      | Noticed Jessica
  2225 | D:3      | Killed Jessica
  2226 | D:3      | Reached skill level 9 in Stealth
  2231 | D:3      | Noticed a black bear
  2236 | D:3      | Killed a black bear
  2237 | D:3      | Reached XP level 7. HP: 40/40 MP: 7/7
  2274 | D:3      | Noticed Terence
  2278 | D:3      | Killed Terence
  2558 | D:4      | Noticed Natasha
  2562 | D:4      | Killed Natasha
  2583 | D:4      | Noticed Ijyb
  2589 | D:4      | Killed Ijyb
  2590 | D:4      | Reached skill level 10 in Stealth
  2710 | D:4      | Found a white marble altar of Elyvilon.
  2751 | D:4      | Noticed Natasha
  2864 | D:4      | Reached skill level 1 in Evocations
  3117 | D:4      | Killed Natasha
  3118 | D:4      | Reached XP level 8. HP: 44/44 MP: 8/8
  3289 | D:5      | Entered Level 5 of the Dungeon
  3885 | D:5      | Reached XP level 9. HP: 38/50 MP: 9/9
  4110 | D:6      | Reached skill level 5 in Dodging
  4833 | D:7      | Noticed an elephant
  5325 | D:7      | Reached skill level 11 in Stealth
  5514 | D:8      | Noticed Pikel
  5520 | D:8      | Killed Pikel
  5521 | D:8      | Reached skill level 10 in Short Blades
  5521 | D:8      | Reached skill level 5 in Evocations
  5521 | D:8      | Reached XP level 10. HP: 58/58 MP: 10/10
  5838 | D:8      | Found a staircase to the Lair.
  5884 | D:8      | Reached skill level 5 in Fighting
  5884 | D:8      | Reached skill level 12 in Stealth
  6628 | D:6      | You fall into a shaft and drop 3 floors!
  6630 | D:9      | Identified the +4 spear "Lyaxkiw" {elec, *Noise rPois Dex+6
                  | Stlth+}
  7070 | D:5      | Found a staircase to the Ecumenical Temple.
  7076 | Temple   | Entered the Ecumenical Temple
  7404 | Temple   | Became a worshipper of the Wu Jian Council
  7834 | D:9      | Reached skill level 13 in Stealth
  8501 | D:9      | Noticed a manticore
  8503 | D:9      | Killed a manticore
  8504 | D:9      | Reached XP level 11. HP: 64/64 MP: 11/11
  8552 | D:9      | Found a runed translucent gate.
  8552 | D:9      | Found a runed translucent gate.
  8552 | D:9      | Found a runed translucent gate.
  8557 | D:9      | Noticed GrayStillPlays's ghost (novice GnFi)
  8685 | D:10     | Entered Level 10 of the Dungeon
  9307 | Lair:1   | Entered Level 1 of the Lair of Beasts
  9366 | Lair:1   | Reached skill level 14 in Stealth
  9375 | Lair:1   | Found a transporter.
  9468 | Lair:1   | Found a transporter.
  9543 | Lair:1   | Reached * piety under Wu Jian
  9597 | Lair:1   | Found a transporter.
  9977 | Lair:1   | Noticed an elephant
  9977 | Lair:1   | Noticed an elephant
 10043 | Lair:1   | Found a transporter.
 10102 | Lair:1   | Noticed a white ugly thing
 10230 | Lair:2   | You fall into a shaft and drop 1 floor!
 10278 | Lair:2   | Reached skill level 15 in Stealth
 10405 | Lair:2   | Reached XP level 12. HP: 72/72 MP: 12/12
 10734 | Lair:3   | Reached skill level 10 in Dodging
 11146 | Lair:3   | Reached skill level 16 in Stealth
 11271 | Lair:3   | Noticed a death yak
 11590 | Lair:2   | Reached ** piety under Wu Jian
 11779 | Lair:2   | Found a staircase to the Shoals.
 11822 | Lair:3   | Noticed an eight-headed hydra
 11825 | Lair:3   | Killed an eight-headed hydra
 11920 | Lair:3   | Noticed a death yak
 11924 | Lair:3   | Noticed a death yak
 11947 | Lair:3   | Killed a death yak
 11961 | Lair:3   | Killed a death yak
 11978 | Lair:3   | Killed a death yak
 11979 | Lair:3   | Reached skill level 17 in Stealth
 11979 | Lair:3   | Reached skill level 10 in Evocations
 12169 | Lair:3   | Noticed Nergalle
 12172 | Lair:3   | Killed Nergalle
 12275 | Lair:3   | Found a staircase to the Snake Pit.
 12282 | Lair:3   | Reached XP level 13. HP: 80/80 MP: 13/13
 12322 | Lair:4   | Noticed a six-headed hydra
 12344 | Lair:4   | Killed a six-headed hydra
 12370 | Lair:4   | Found a dark tunnel.
 12377 | Volcano  | Entered a volcano
 12567 | Volcano  | Reached skill level 18 in Stealth
 12593 | Volcano  | Noticed a fire dragon
 12596 | Volcano  | Killed a fire dragon
 12791 | Lair:4   | Found a frozen archway.
 12797 | IceCv    | Entered an ice cave
 12806 | IceCv    | Reached *** piety under Wu Jian
 13010 | Lair:4   | Noticed a six-headed hydra
 13013 | Lair:4   | Killed a six-headed hydra
 13091 | Lair:4   | Noticed Kirke
 13528 | Lair:4   | Reached skill level 10 in Fighting
 13809 | Lair:4   | Killed Kirke
 13810 | Lair:4   | Reached skill level 19 in Stealth
 14416 | Lair:1   | Noticed a six-headed hydra
 15424 | D:11     | Reached XP level 14. HP: 88/88 MP: 14/14
 15803 | D:12     | Noticed Fannar
 16310 | D:12     | Reached **** piety under Wu Jian
 16736 | D:12     | Killed Fannar
 17282 | D:13     | Noticed Urug
 17282 | D:13     | Found a gate to the Vaults.
 17328 | D:12     | Reached skill level 20 in Stealth
 18187 | D:12     | Reached skill level 5 in Throwing
 18302 | D:13     | Identified a scroll of acquirement
 18305 | D:13     | Acquired a manual of Crossbows
 18504 | D:13     | Noticed Urug
 18504 | D:13     | Urug changed into Urug the jumping spider
 18514 | D:13     | Killed Urug the jumping spider
 19264 | D:14     | Found an ancient bone altar of Kikubaaqudgha.
 19707 | D:10     | Reached skill level 1 in Spellcasting
 19851 | D:10     | Found a staircase to the Orcish Mines.
 19857 | Orc:1    | Entered Level 1 of the Orcish Mines
 20437 | Orc:1    | Reached ***** piety under Wu Jian
 20746 | Orc:2    | Entered Level 2 of the Orcish Mines
 20923 | Orc:2    | Reached skill level 1 in Shields
 20961 | Orc:2    | Found a runed translucent gate.
 20962 | Orc:2    | Found a runed translucent gate.
 20963 | Orc:2    | Found a runed translucent gate.
 20970 | Orc:2    | Found an opulent altar of Gozag.
 21088 | Orc:2    | Reached XP level 15. HP: 59/95 MP: 11/18
 21116 | Orc:2    | Found Xossah's Assorted Antiques.
 21116 | Orc:2    | Noticed Pooter's ghost (journeyman MiBe)
 21258 | Orc:2    | Found a runed translucent door.
 21342 | Orc:2    | Found a staircase to the Elven Halls.
 21689 | Orc:2    | Noticed an orc warlord
 21878 | Orc:2    | Found a runed translucent door.
 21989 | Orc:2    | Found Utyu's Distillery.
 21989 | Orc:2    | Found Hilutov's Antique Weapon Boutique.
 21989 | Orc:2    | Found Vozeg's Distillery.
 21990 | Orc:2    | Found Dimoatza's Distillery.
 21999 | Orc:2    | Bought a potion of heal wounds for 60 gold pieces
 21999 | Orc:2    | Bought a potion of curing for 36 gold pieces
 21999 | Orc:2    | Bought a potion of haste for 120 gold pieces
 22004 | Orc:2    | Bought a potion of haste for 140 gold pieces
 22004 | Orc:2    | Bought a potion of heal wounds for 70 gold pieces
 22006 | Orc:2    | Bought a potion of heal wounds for 70 gold pieces
 22006 | Orc:2    | Bought a potion of haste for 140 gold pieces
 22006 | Orc:2    | Bought a potion of might for 56 gold pieces
 22006 | Orc:2    | Bought a potion of cancellation for 112 gold pieces
 22033 | Elf:1    | Entered Level 1 of the Elven Halls
 22326 | Shoals:1 | Entered Level 1 of the Shoals
 23576 | Shoals:2 | Reached skill level 21 in Stealth
 23669 | Shoals:4 | Entered Level 4 of the Shoals
 23791 | Shoals:4 | Noticed Ilsuiw
 23811 | Shoals:4 | Killed Ilsuiw
 24550 | Shoals:4 | Got a barnacled rune of Zot
 24978 | Snake:1  | Entered Level 1 of the Snake Pit
 24980 | Snake:1  | Identified Roxanne's Reference Book on Transmutation
 24980 | Snake:1  | Noticed Roxanne
 24983 | Snake:1  | Reached XP level 16. HP: 103/103 MP: 22/22
 24985 | Snake:1  | Noticed Mlioglotl
 25004 | Snake:1  | Killed Mlioglotl
 25313 | Snake:1  | Noticed Aizul
 25334 | Snake:1  | Killed Aizul
 26070 | Snake:1  | Reached skill level 22 in Stealth
 26636 | Snake:2  | Reached skill level 15 in Evocations
 27443 | Snake:4  | Entered Level 4 of the Snake Pit
 27579 | Snake:4  | Reached skill level 23 in Stealth
 27581 | Snake:4  | Reached skill level 5 in Spellcasting
 27752 | Snake:4  | Reached skill level 15 in Dodging
 27931 | Snake:4  | Reached XP level 17. HP: 109/109 MP: 24/24
 27947 | Snake:4  | Noticed Vashnia
 27948 | Snake:4  | Killed Vashnia
 28868 | Snake:4  | Got a serpentine rune of Zot
 29043 | Lair:4   | Reached skill level 24 in Stealth
 29258 | Lair:5   | Acquired a +5 quick blade
 29521 | Lair:6   | Entered Level 6 of the Lair of Beasts
 29660 | Lair:6   | Learned a level 2 spell: Blink
 29664 | Lair:6   | Learned a level 3 spell: Confusing Touch
 29850 | Lair:6   | Found a staircase to the Slime Pits.
 29870 | Lair:6   | Reached skill level 1 in Translocations
 29933 | Slime:1  | Entered Level 1 of the Pits of Slime
 30254 | Slime:5  | Entered Level 5 of the Pits of Slime
 30292 | Slime:5  | Noticed an acid blob
 30346 | Slime:5  | Noticed an acid blob
 30347 | Slime:5  | Killed an acid blob
 30351 | Slime:5  | Noticed an acid blob
 30352 | Slime:5  | Found the +9 scales of the Dragon King {rPois rF+ rC+
                  | Will+}
 30354 | Slime:5  | Found a viscous altar of Jiyva.
 30355 | Slime:5  | Noticed the Royal Jelly
 30355 | Slime:5  | Found the +7 mace of Variability {chain chaos}
 30356 | Slime:5  | Killed an acid blob
 30367 | Slime:5  | Killed the Royal Jelly
 30367 | Slime:5  | Noticed an acid blob
 30367 | Slime:5  | Noticed an acid blob
 30367 | Slime:5  | Noticed an acid blob
 30367 | Slime:5  | Noticed an acid blob
 30367 | Slime:5  | Noticed an acid blob
 30367 | Slime:5  | Noticed an acid blob
 30367 | Slime:5  | Noticed an acid blob
 30368 | Slime:5  | Reached XP level 18. HP: 116/116 MP: 27/29
 30368 | Slime:5  | Noticed an acid blob
 30371 | Slime:5  | Noticed an acid blob
 30376 | Slime:5  | Paralysed by a great orb of eyes for 2 turns
 30385 | Slime:5  | Demolished by a rockslime

Illustrated notes

Levels and vault maps discovered:
D:1:      scummos_arrival_simple_crosswalls, layout_loops_corners,
          minmay_hexomino_r4
D:2:      layout_basic
D:3:      layout_rooms, chequers_serial_rivers_micro_e, uniq_jessica,
          uniq_terence, uniq_robin, uniq_pargi
D:4:      layout_gridville, elyvilon_altar_4, minmay_splitting_lines,
          minmay_manual_mail, uniq_ijyb, uniq_natasha, uniq_duvessa
D:5:      layout_basic, temple_pool_b, nrook_pool_corridor,
          corexii_checkpoint_a, serial_bayou_pond_e, corexii_corridor_pit,
          amcnicky_mini_pool_small
D:6:      layout_loops_ring
D:7:      layout_loops_ring
D:8:      layout_loops_cross, erik_lair_orcish_takeover, uniq_pikel
D:9:      layout_long_grid, biasface_ghost_orc_armoury, hangedman_decor_lopped,
          kennysheep_generic_room_15
D:10:     layout_loops_ring, orc_0_dummy, minmay_statue_bubble
D:11:     lemuel_slime, layout_irregular_city, minmay_misc_feat_nine_boxes
D:12:     layout_rooms, uniq_fannar
D:13:     layout_cave_pools, david_vaults_3, nicolae_tso_swordbearing_angel
D:14:     layout_stronghold, nicolae_kikubaaqudgha_miasma_corner,
          ploomutoo_gammafunk_ghost_potion_laboratory
Temple:   mainiacjoe_temple_trianglar_array
Lair:1:   gammafunk_worm_tunnel, layout_loops_ring,
          gammafunk_ghost_abyssal_escape, serial_bayou_shore_b
Lair:2:   layout_regular_city, elwin_shoals_entry_rocks, minivault_11,
          st_stairs_13
Lair:3:   layout_regular_city, minmay_snake_entry_guardpost_large,
          hangedman_lair_unloving_vines, uniq_nergalle
Lair:4:   layout_gridlike, portal_ice_cave_entry_pillars_2, enter_volcano_1,
          grunt_forest_small_clearing_treed, serial_bayou_shore_b, uniq_kirke
Lair:5:   layout_cave_shapes
Lair:6:   hangedman_lair_caniforms_friends, layout_hall_layers,
          hangedman_lair_in_review, slime_dummy, gammafunk_ghost_cemetery
Shoals:1: layout_shoals
Shoals:2: layout_shoals
Shoals:3: cheibrodos_shoals_three_sisters, layout_shoals, serial_shops, shop,
          hellmonk_ghost_happy_afterlife
Shoals:4: shoals_end_hangedman, layout_shoals, shoals_ilsuiw_ice,
          nicolae_shoals_land_atoll
Snake:1:  layout_rooms, grunt_megastairs_2, serial_bayou_shore_b,
          serial_bayou_shore_b, uniq_mlioglotl, uniq_donald, uniq_aizul,
          uniq_roxanne
Snake:2:  layout_grid_shapes
Snake:3:  layout_layer_cave, serial_shops, shop
Snake:4:  johnstein_snake_rune_scales, layout_cave_town,
          nicolae_snake_herptile_family_reunion, uniq_agnes
Slime:1:  layout_caves
Slime:2:  layout_caves
Slime:3:  layout_caves
Slime:4:  layout_caves, basic_altar, uniq_dissolution
Slime:5
Orc:1:    layout_caves
Orc:2:    st_orc_rangers, layout_diamond_mine, ebering_ghost_gozag,
          chequers_guarded_unrand_ignorance
Elf:1:    eino_elf_arrival_shootout, layout_gridlike, serial_shops, shop,
          nicolae_square_shop, minmay_elf_sorcery, nicolae_elf_martial_mastery,
          lemuel_upstairs_altar

Skill      XL: |  1  2  3  4  5  6  7  8  9 10 11 12 13 14 15 16 17 |
---------------+----------------------------------------------------+-----
Short Blades   | 3 4 5 7 9 10 | 10.0
Stealth        | 6 7 8 9 10 11 13 15 17 19 20 21 23 24 | 24.6
Dodging        | 2 3 4 6 7 9 11 12 13 14 15 16 | 16.1
Evocations     | 1 3 5 7 8 10 11 13 14 15 | 15.0
Fighting       | 3 4 6 7 9 10 11 12 13 14 | 14.1
Throwing       | 4 6 |  6.0
Spellcasting   | 2 4 5 7 |  7.4
Shields        | 1 2 4 |  4.9
Translocations | 2 |  2.0

Action                   |  1- 3 |  4- 6 |  7- 9 | 10-12 | 13-15 | 16-18 || total
-------------------------+-------+-------+-------+-------+-------+-------++-------
Melee: Dagger            |    65 |    96 |   240 |   682 |  1751 |   846 ||  3680
       Punch             |       |       |     6 |     9 |    25 |       ||    40
       Long sword        |       |       |       |       |     7 |       ||     7
       Quick blade       |       |       |       |       |       |   644 ||   644
Throw: Dart              |     1 |     5 |     4 |     8 |     8 |       ||    26
 Cast: Blink             |       |       |       |       |       |     2 ||     2
Invok: Lunge             |       |       |       |    58 |   140 |    85 ||   283
       Whirlwind         |       |       |       |     4 |   265 |   418 ||   687
       Serpent's Lash    |       |       |       |       |     8 |    13 ||    21
       Heavenly Storm    |       |       |       |       |     1 |       ||     1
Evoke: Wand              |       |       |     1 |     6 |    55 |    21 ||    83
       Condenser vane    |       |       |       |       |     3 |     2 ||     5
       Box of beasts     |       |       |       |       |     1 |     3 ||     4
  Use: Scroll            |       |       |     8 |     9 |    17 |    12 ||    46
       Potion            |       |       |       |     1 |     7 |    11 ||    19
 Stab: Sleeping          |    19 |    17 |    26 |    64 |    93 |    70 ||   289
       Distracted        |     1 |       |     2 |     4 |    14 |    11 ||    32
       Paralysed         |       |       |       |     1 |       |       ||     1
       Invisible         |       |       |       |     2 |     4 |     4 ||    10
Armor: Robe              |     5 |    23 |       |       |       |    81 ||   109
       Leather armour    |       |       |    29 |    70 |   254 |       ||   353
Dodge: Dodged            |    27 |    36 |    89 |   220 |   892 |   620 ||  1884
Block: Other             |       |       |    14 |    60 |       |       ||    74
       Buckler           |       |       |       |       |   127 |   193 ||   320
